BLB
NEW ORLEANS VOODOO @ PAWTUCKET PATRIOTS
07/04/2059
 
TOP OF THE 1ST
New Orleans Voodoo batting - Pitching for Pawtucket Patriots : RHP Zane Thorpe
Pitching: RHP Zane Thorpe
Batting: LHB Jordy Wovchanoff 0-0: Foul Ball, location: 2F
0-1: Foul Ball, location: 2F
0-2: Ground out 4-3 (Groundball, 4, EV 79.4 MPH)
Batting: LHB Daryl Walken 0-0: Called Strike
0-1: Ball
1-1: Foul Ball, location: 2F
1-2: Ball
2-2: Foul Ball, location: 2F
2-2: Strikes out swinging
Batting: RHB Lon Leseberg 0-0: Called Strike
0-1: Fly out, F8 (Flyball, 8RM, EV 88.8 MPH)
Top of the 1st over - 0 runs, 0 hits, 0 errors, 0 left on base; New Orleans 0 - Pawtucket 0
BOTTOM OF THE 1ST
Pawtucket Patriots batting - Pitching for New Orleans Voodoo : RHP Marc Dillard
Pitching: RHP Marc Dillard
Batting: SHB Cody Janway 0-0: Called Strike
0-1: Swinging Strike
0-2: Ball
1-2: Ball
2-2: Foul Ball, location: 2F
2-2: Foul Ball, location: 2F
2-2: Strikes out looking
Batting: RHB Brayden Carlson 0-0: Called Strike
0-1: Ball
1-1: Ball
2-1: Ball
3-1: Swinging Strike
3-2: Strikes out looking
Batting: LHB Ira Benda 0-0: Ball
1-0: Ground out 4-3 (Groundball, 4, EV 96.9 MPH)
Bottom of the 1st over - 0 runs, 0 hits, 0 errors, 0 left on base; New Orleans 0 - Pawtucket 0
TOP OF THE 2ND
New Orleans Voodoo batting - Pitching for Pawtucket Patriots : RHP Zane Thorpe
Batting: LHB Tuck Vrsek 0-0: Called Strike
0-1: Ground out 1-3 (Groundball, 13S, EV 71.2 MPH)
Batting: LHB Devin Welninski 0-0: Ball
1-0: Swinging Strike
1-1: Called Strike
1-2: Foul Ball, location: 2F
1-2: Ball
2-2: Ball
3-2: Foul Ball, location: 2F
3-2: Strikes out looking
Batting: LHB Sully Volpe 0-0: Ball
1-0: Ground out U3 (Groundball, 3L, EV 92.5 MPH)
Top of the 2nd over - 0 runs, 0 hits, 0 errors, 0 left on base; New Orleans 0 - Pawtucket 0
BOTTOM OF THE 2ND
Pawtucket Patriots batting - Pitching for New Orleans Voodoo : RHP Marc Dillard
Batting: RHB Mason Gilbert 0-0: Foul Ball, location: 2F
0-1: Called Strike
0-2: Strikes out swinging
Batting: LHB Justin Knight 0-0: Called Strike
0-1: Ground out 5-3 (Groundball, 56, EV 87.5 MPH)
Batting: RHB Keith Friday 0-0: Ball
1-0: Foul Ball, location: 2F
1-1: Foul Ball, location: 2F
1-2: Foul Ball, location: 2F
1-2: Foul Ball, location: 2F
1-2: Strikes out swinging
Bottom of the 2nd over - 0 runs, 0 hits, 0 errors, 0 left on base; New Orleans 0 - Pawtucket 0
TOP OF THE 3RD
New Orleans Voodoo batting - Pitching for Pawtucket Patriots : RHP Zane Thorpe
Batting: RHB Peyton Ames 0-0: Ball
1-0: Foul Ball, location: 2F
1-1: Foul Ball, location: 2F
1-2: Ball
2-2: Strikes out looking
Batting: SHB Jaden Maldonado 0-0: Called Strike
0-1: Swinging Strike
0-2: Ball
1-2: Strikes out looking
Batting: RHB Dane Jennings 0-0: Foul Ball, location: 2F
0-1: Foul Ball, location: 2F
0-2: Foul Ball, location: 2F
0-2: Strikes out looking
Top of the 3rd over - 0 runs, 0 hits, 0 errors, 0 left on base; New Orleans 0 - Pawtucket 0
BOTTOM OF THE 3RD
Pawtucket Patriots batting - Pitching for New Orleans Voodoo : RHP Marc Dillard
Batting: RHB Brenden Morris 0-0: Ball
1-0: Called Strike
1-1: Fly out, F8 (Flyball, 8LM, EV 78.8 MPH)
Batting: LHB Bradley Thurston 0-0: Ground out 4-3 (Groundball, 4, EV 80.0 MPH)
Batting: RHB Tymell Wade 0-0: Ball
1-0: Foul Ball, location: 2F
1-1: Ball
2-1: Called Strike
2-2: Strikes out swinging
Bottom of the 3rd over - 0 runs, 0 hits, 0 errors, 0 left on base; New Orleans 0 - Pawtucket 0
TOP OF THE 4TH
New Orleans Voodoo batting - Pitching for Pawtucket Patriots : RHP Zane Thorpe
Batting: LHB Jordy Wovchanoff 0-0: Ball
1-0: Foul Ball, location: 2F
1-1: Foul Ball, location: 2F
1-2: Ground out U3 (Groundball, 34S, EV 87.5 MPH)
Batting: LHB Daryl Walken 0-0: Ball
1-0: Called Strike
1-1: Ball
2-1: Foul Ball, location: 2F
2-2: SINGLE (Line Drive, 4MD, EV 102.5 MPH)
Batting: RHB Lon Leseberg 0-0: Ball
Daryl Walken steals 2nd base
1-0: Swinging Strike
1-1: DOUBLE (Line Drive, 89XD, EV 104.4 MPH)
Daryl Walken scores
Batting: LHB Tuck Vrsek 0-0: Ball
1-0: Called Strike
1-1: Swinging Strike
1-2: Ball
2-2: Foul Ball, location: 2F
2-2: Foul Ball, location: 2F
2-2: SINGLE (Flyball, 3D, EV 96.2 MPH)
Lon Leseberg to third
Batting: LHB Devin Welninski 0-0: Swinging Strike
0-1: Ball
1-1: Foul Ball, location: 2F
1-2: Strikes out swinging
Batting: LHB Sully Volpe 0-0: Called Strike
0-1: DOUBLE (Line Drive, 89XD, EV 105.0 MPH)
Lon Leseberg scores
Tuck Vrsek to third
Runner from 3rd tries for Home, SAFE, no throw by CF
Batting: RHB Peyton Ames 0-0: Called Strike
0-1: Ball
1-1: Swinging Strike
1-2: DOUBLE (Line Drive, 89D, EV 105.6 MPH)
Sully Volpe scores
Batting: SHB Jaden Maldonado 0-0: Ball
1-0: Ball
2-0: Foul Ball, location: 2F
2-1: SINGLE (Groundball, 4D, EV 101.9 MPH)
Peyton Ames to third
Runner from 3rd tries for Home, SAFE, throw by CF to home
Pitching: LHP Zachary Jackson
Batting: RHB Dane Jennings 0-0: Fly out, F6 (Line Drive, 6MD, EV 70.6 MPH)
Top of the 4th over - 5 runs, 6 hits, 0 errors, 1 left on base; New Orleans 5 - Pawtucket 0
BOTTOM OF THE 4TH
Pawtucket Patriots batting - Pitching for New Orleans Voodoo : RHP Marc Dillard
Batting: SHB Cody Janway 0-0: Ball
1-0: Ball
2-0: Ball
3-0: Foul Ball, location: 2F
3-1: Base on Balls
Batting: RHB Brayden Carlson 0-0: Ball
Pickoff Throw by Catcher to First - Error! E2
Cody Janway to second
1-0: Ball
2-0: Ball
3-0: Called Strike
3-1: Base on Balls
Batting: LHB Ira Benda 0-0: Ball
1-0: 3-RUN HOME RUN (Flyball, 7D, EV 93.1 MPH), Distance : 356 ft
Batting: RHB Mason Gilbert 0-0: Foul Ball, location: 2F
0-1: Fly out, F8 (Flyball, 8LM, EV 96.2 MPH)
Batting: LHB Justin Knight 0-0: Ground out U3 (Groundball, 3, EV 87.5 MPH)
Batting: RHB Keith Friday 0-0: Foul Ball, location: 2F
0-1: Foul Ball, location: 2F
0-2: Ball
1-2: SINGLE (Groundball, 56D, EV 98.8 MPH)
Batting: RHB Brenden Morris 0-0: Ball
1-0: Ball
2-0: Swinging Strike
2-1: Foul Ball, location: 2F
2-2: Strikes out swinging
Bottom of the 4th over - 3 runs, 2 hits, 1 error, 1 left on base; New Orleans 5 - Pawtucket 3
TOP OF THE 5TH
New Orleans Voodoo batting - Pitching for Pawtucket Patriots : LHP Zachary Jackson
Batting: LHB Jordy Wovchanoff 0-0: Ball
1-0: Called Strike
1-1: Ball
2-1: Ball
3-1: Foul Ball, location: 2F
3-2: Strikes out swinging
Batting: LHB Daryl Walken 0-0: Ball
1-0: Ground out 6-3 (Groundball, 6, EV 84.4 MPH)
Batting: RHB Lon Leseberg 0-0: Ball
1-0: Ball
2-0: Called Strike
2-1: Ball
3-1: Foul Ball, location: 2F
3-2: SINGLE (Line Drive, 6M, EV 95.0 MPH)
Batting: LHB Tuck Vrsek 0-0: Called Strike
0-1: Ball
1-1: Ball
2-1: Ball
3-1: Foul Ball, location: 2F
3-2: SINGLE (Line Drive, 9LS, EV 109.4 MPH)
Lon Leseberg to second
Lon Leseberg to third
Batting: LHB Devin Welninski 0-0: Called Strike
0-1: Ball
1-1: Called Strike
1-2: Ground out 4-3 (Groundball, 34D, EV 100.6 MPH)
Top of the 5th over - 0 runs, 2 hits, 0 errors, 2 left on base; New Orleans 5 - Pawtucket 3
BOTTOM OF THE 5TH
Pawtucket Patriots batting - Pitching for New Orleans Voodoo : RHP Marc Dillard
Batting: LHB Bradley Thurston 0-0: SINGLE (Groundball, 4MD, EV 110.0 MPH)
Batting: RHB Tymell Wade 0-0: Ball
1-0: Called Strike
1-1: SINGLE (Line Drive, 34D, EV 108.8 MPH)
Bradley Thurston to second
Batting: SHB Cody Janway 0-0: Bunt missed!
0-1: Bunted foul
0-2: Ball
1-2: Foul Ball, location: 2F
1-2: Fielders Choice at 2nd, 3-6 (Groundball, 3, EV 102.5 MPH)
Bradley Thurston to third
Batting: RHB Brayden Carlson 0-0: Called Strike
Cody Janway steals 2nd base
0-1: Foul Ball, location: 2F
0-2: Ball
1-2: Ball
2-2: Strikes out swinging
Batting: LHB Ira Benda 0-0: Called Strike
0-1: Foul Ball, location: 2F
0-2: Strikes out swinging
Bottom of the 5th over - 0 runs, 2 hits, 0 errors, 2 left on base; New Orleans 5 - Pawtucket 3
TOP OF THE 6TH
New Orleans Voodoo batting - Pitching for Pawtucket Patriots : LHP Zachary Jackson
Batting: LHB Sully Volpe 0-0: Ball
1-0: Called Strike
1-1: Ball
2-1: Foul Ball, location: 2F
2-2: Hit by Pitch
Batting: RHB Peyton Ames 0-0: Sac Bunt to 2R - play at first, batter OUT! 2-3
Sully Volpe to second
Batting: SHB Jaden Maldonado 0-0: Called Strike
0-1: Ball
1-1: Ball
2-1: Called Strike
2-2: DOUBLE (Line Drive, 7LD, EV 113.8 MPH)
Sully Volpe scores
Pitching: RHP Dabney Gonzalez
Batting: RHB Dane Jennings 0-0: Ball
1-0: Foul Ball, location: 2F
1-1: Ball
2-1: Swinging Strike
2-2: Strikes out swinging
Batting: LHB Jordy Wovchanoff 0-0: Ball
1-0: SINGLE (Line Drive, 4MD, EV 98.8 MPH)
Jaden Maldonado to third
Runner from 3rd tries for Home, throw by CF and OUT! 8-2
Top of the 6th over - 1 run, 2 hits, 0 errors, 1 left on base; New Orleans 6 - Pawtucket 3
BOTTOM OF THE 6TH
Pawtucket Patriots batting - Pitching for New Orleans Voodoo : RHP Marc Dillard
Batting: RHB Mason Gilbert 0-0: Called Strike
0-1: SINGLE (Flyball, 89S, EV 94.4 MPH)
Batting: LHB Justin Knight 0-0: Ball
1-0: Foul Ball, location: 2F
1-1: Foul Ball, location: 2F
1-2: Fly out, F7 (Flyball, 78S, EV 94.4 MPH)
Batting: RHB Keith Friday 0-0: Ball
1-0: Foul Ball, location: 2F
1-1: SINGLE (Groundball, 34D, EV 105.0 MPH) (infield hit)
Mason Gilbert to second
Batting: RHB Brenden Morris 0-0: Ball
1-0: Grounds into double play, 6-4-3 (Groundball, 6M, EV 82.5 MPH)
Bottom of the 6th over - 0 runs, 2 hits, 0 errors, 1 left on base; New Orleans 6 - Pawtucket 3
TOP OF THE 7TH
New Orleans Voodoo batting - Pitching for Pawtucket Patriots : RHP Dabney Gonzalez
Batting: LHB Daryl Walken 0-0: Ball
1-0: Ball
2-0: Foul Ball, location: 2F
2-1: Ball
3-1: Base on Balls
Batting: RHB Lon Leseberg 0-0: Ball
1-0: Called Strike
1-1: Called Strike
Daryl Walken steals 2nd base
1-2: Strikes out swinging
Batting: LHB Tuck Vrsek 0-0: Called Strike
0-1: Ball
1-1: Ball
2-1: Fly out, F9 (Flyball, 9, EV 99.4 MPH)
Runner from 2nd tags up, OUT at 3rd! 9-5
Top of the 7th over - 0 runs, 0 hits, 0 errors, 0 left on base; New Orleans 6 - Pawtucket 3
BOTTOM OF THE 7TH
Pawtucket Patriots batting - Pitching for New Orleans Voodoo : RHP Marc Dillard
Batting: LHB Bradley Thurston 0-0: Ball
1-0: Called Strike
1-1: Ball
2-1: Swinging Strike
2-2: DOUBLE (Line Drive, 9LM, EV 99.4 MPH)
Batting: RHB Tymell Wade 0-0: Called Strike
0-1: Ball
1-1: Called Strike
Bradley Thurston steals 3rd base
1-2: Strikes out looking
Pitching: LHP Vanni Roos
Batting: SHB Cody Janway 0-0: Ground out 5-3 (Groundball, 56S, EV 83.1 MPH)
Bradley Thurston scores
Batting: RHB Brayden Carlson 0-0: Foul Ball, location: 2F
0-1: Ball
1-1: Ground out 5-3 (Groundball, 56S, EV 86.2 MPH)
Bottom of the 7th over - 1 run, 1 hit, 0 errors, 0 left on base; New Orleans 6 - Pawtucket 4
TOP OF THE 8TH
New Orleans Voodoo batting - Pitching for Pawtucket Patriots : RHP Dabney Gonzalez
Pitching: LHP Kris Elliott
Batting: LHB Devin Welninski 0-0: Ball
1-0: Foul Ball, location: 2F
1-1: Ball
2-1: Foul Ball, location: 2F
2-2: Ball
3-2: Strikes out looking
Batting: LHB Sully Volpe 0-0: Ball
1-0: SINGLE (Groundball, 6D, EV 105.6 MPH)
Batting: RHB Peyton Ames 0-0: Called Strike
0-1: Ball
1-1: Called Strike
1-2: Ball
2-2: Foul Ball, location: 2F
2-2: Foul Ball, location: 2F
2-2: Grounds into double play, 5-4-3 (Groundball, 5, EV 108.8 MPH)
Top of the 8th over - 0 runs, 1 hit, 0 errors, 0 left on base; New Orleans 6 - Pawtucket 4
BOTTOM OF THE 8TH
Pawtucket Patriots batting - Pitching for New Orleans Voodoo : LHP Vanni Roos
Pitching: RHP Kaleb Mannino
Batting: LHB Ira Benda 0-0: Ball
1-0: Called Strike
1-1: Called Strike
1-2: Ball
2-2: Strikes out swinging
Batting: RHB Mason Gilbert 0-0: Ball
1-0: Foul Ball, location: 2F
1-1: Ball
2-1: Called Strike
2-2: Foul Ball, location: 2F
2-2: Strikes out looking
Batting: LHB Justin Knight 0-0: Called Strike
0-1: SINGLE (Flyball, 3D, EV 91.9 MPH)
Batting: RHB Keith Friday 0-0: Called Strike
0-1: Ball
1-1: Ball
2-1: Ball
3-1: Swinging Strike
Pickoff Throw to First - Out! 1-3
Bottom of the 8th over - 0 runs, 1 hit, 0 errors, 0 left on base; New Orleans 6 - Pawtucket 4
TOP OF THE 9TH
New Orleans Voodoo batting - Pitching for Pawtucket Patriots : LHP Kris Elliott
Batting: SHB Jaden Maldonado 0-0: Foul Ball, location: 2F
0-1: Ball
1-1: Ball
2-1: Ball
3-1: Called Strike
3-2: Ground out 6-3 (Groundball, 6, EV 99.4 MPH)
Batting: RHB Dane Jennings 0-0: Ball
1-0: Ground out 5-3 (Groundball, 5S, EV 91.2 MPH)
Batting: LHB Jordy Wovchanoff 0-0: Ball
1-0: Fly out, F4 (Line Drive, 4, EV 73.8 MPH)
Top of the 9th over - 0 runs, 0 hits, 0 errors, 0 left on base; New Orleans 6 - Pawtucket 4
BOTTOM OF THE 9TH
Pawtucket Patriots batting - Pitching for New Orleans Voodoo : RHP Kaleb Mannino
Batting: RHB Keith Friday 0-0: Ball
1-0: Fly out, F9 (Line Drive, 89M, EV 98.1 MPH)
Batting: RHB Brenden Morris 0-0: Swinging Strike
0-1: Ball
1-1: Foul Ball, location: 2F
1-2: Strikes out swinging
Batting: LHB Bradley Thurston 0-0: Swinging Strike
0-1: Swinging Strike
0-2: Strikes out looking
Bottom of the 9th over - 0 runs, 0 hits, 0 errors, 0 left on base; New Orleans 6 - Pawtucket 4
Monday, March 11th , 2024 - OOTP Baseball 23.10 Build 110